AoeStats
← siggi7

Black Forest

504218929Analyzed
4v4 RM · 26d ago on Sep 4, 2026· 50m 41s· 8 players
Game mode
Random Map
Map size
Large (8 player)
Population
200
Speed
Normal
Resources
Standard
Victory
Conquest
Starting age
Dark Age
Ending age
Imperial Age
RankedLock teamsTeams togetherTeam positionsShared explorationLock speedFull tech treeHidden civsTurbo modeCheats
Victory
Defeat
🇦🇷 Portuguese · Argentina
1382
+12
🇦🇹 Mongols · Austria
1362
+13
🇩🇪 Bohemians · Germany
1358
+13
🇦🇷 Aztecs · Argentina
1357
+13
🇨🇳 Vietnamese · China
1321
-13
🇹🇷 Goths · Türkiye
1320
-14
🇨🇳 Lithuanians · China
1309
-13
🇨🇳 Italians · China
1254
-11
The Long Dark
1:00 Loom
11:42 Feudal Age
13:16 Double-Bit Axe
17:16 Castle Age
16:54 Fishing Lines
21:28 Bow Saw
27:28 Imperial Age
25:36 Gold Mining
25:55 Gillnets
27:54 Scale Mail Armor
28:05 Forging
28:54 Chain Mail Armor
29:30 Squires
29:15 Arson
30:06 Conscription
36:23 Plate Mail Armor
40:04 Iron Casting
43:06 Blast Furnace
45:26 Two-Man Saw
45:13 Stone Mining
48:52 Elite Skirmisher
49:38 Thumb Ring
50:52 Padded Archer Armor
50:42 Fletching
Monk
9:26 Loom
12:52 Feudal Age
16:57 Castle Age
15:32 Double-Bit Axe
15:41 Gold Mining
15:43 Stone Mining
17:52 Wheelbarrow
21:35 Bow Saw
28:29 Imperial Age
26:23 Man-at-Arms
27:34 Scale Mail Armor
27:44 Forging
27:11 Long Swordsman
27:52 Squires
28:00 Fletching
28:11 Padded Archer Armor
28:15 Pikeman
29:07 Forging
30:11 Chemistry
30:00 Chain Mail Armor
29:07 Two-Handed Swordsman
30:38 Conscription
29:55 Champion
31:44 Perfusion
33:35 Iron Casting
32:55 Bodkin Arrow
33:16 Leather Archer Armor
33:42 Halberdier
34:23 Elite Huskarl
35:51 Anarchy
43:24 Bracer
44:25 Blast Furnace
47:04 Horse Collar
蕾开丝滑
0:30 Loom
12:07 Feudal Age
13:14 Double-Bit Axe
13:10 Horse Collar
17:56 Castle Age
19:14 Bow Saw
19:07 Heavy Plow
20:36 Wheelbarrow
20:50 Forging
20:57 Forging
23:18 Hand Cart
26:05 Gold Mining
29:09 Imperial Age
27:33 Scale Mail Armor
27:43 Forging
27:26 Treadmill Crane
28:36 Forging
28:31 Scale Barding Armor
28:42 Chain Mail Armor
28:50 Husbandry
29:01 Bloodlines
28:33 Light Cavalry
29:59 Iron Casting
29:46 Chain Barding Armor
29:55 Chain Barding Armor
30:34 Stone Mining
30:07 Winged Hussar
32:08 Conscription
32:09 Chain Mail Armor
32:49 Plate Barding Armor
33:16 Arson
33:33 Squires
34:52 Fletching
35:04 Padded Archer Armor
36:22 Coinage
36:28 Crop Rotation
37:00 Two-Man Saw
36:01 Cavalier
38:57 Chemistry
38:18 Ballistics
39:53 Banking
39:38 Paladin
40:51 Elite Skirmisher
41:59 Tower Shields
45:12 Bodkin Arrow
45:32 Leather Archer Armor
44:59 Imperial Skirmisher
47:46 Bracer
48:28 Ring Archer Armor
_OMO_
0:27 Loom
15:03 Feudal Age
15:13 Man-at-Arms
15:40 Arson
16:11 Double-Bit Axe
19:19 Wheelbarrow
19:25 Gold Mining
22:46 Fletching
27:17 Castle Age
24:59 Horse Collar
28:19 Bow Saw
29:28 Hand Cart
31:01 Bow Saw
37:39 Imperial Age
35:35 Elite Skirmisher
36:12 Bodkin Arrow
36:18 Padded Archer Armor
36:59 Thumb Ring
37:40 Squires
38:05 Ballistics
39:48 Two-Man Saw
38:10 Imperial Skirmisher
39:59 Chemistry
39:19 Bracer
39:35 Leather Archer Armor
40:21 Treadmill Crane
41:18 Heavy Plow
43:22 Crop Rotation
43:13 Fortified Wall
43:46 Coinage
43:27 Guilds
43:01 Capped Ram
44:57 Banking
44:39 Guilds
46:17 Ring Archer Armor
45:53 Scale Barding Armor
46:10 Paper Money
45:52 Chatras
46:39 Caravan
48:31 Bombard Tower
48:54 Bloodlines
48:44 Elite Battle Elephant
50:42 Chain Barding Armor
siggi7
11:10 Feudal Age
12:20 Double-Bit Axe
15:29 Castle Age
14:58 Horse Collar
16:27 Bow Saw
16:24 Loom
22:07 Fervor
25:08 Heavy Plow
29:56 Imperial Age
28:41 Wheelbarrow
27:33 Pikeman
30:00 Chemistry
29:33 Squires
29:34 Scale Mail Armor
29:59 Halberdier
31:47 Hand Cart
31:17 Town Watch
34:42 Two-Man Saw
34:15 Chain Mail Armor
34:11 Forging
33:35 Man-at-Arms
34:45 Forging
35:05 Long Swordsman
36:29 Plate Mail Armor
37:09 Iron Casting
36:34 Two-Handed Swordsman
40:39 Masonry
40:10 Treadmill Crane
40:57 Conscription
40:56 Champion
43:52 Houfnice
47:18 Arson
Listiger
6:26 Loom
12:20 Feudal Age
16:12 Castle Age
14:39 Double-Bit Axe
17:40 Bow Saw
20:12 Fishing Lines
21:47 Gillnets
22:37 Horse Collar
30:34 Imperial Age
28:40 Wheelbarrow
28:31 Gold Mining
28:32 Stone Mining
29:47 Gold Shaft Mining
30:10 Hand Cart
29:41 Town Watch
31:06 Stone Shaft Mining
30:38 Fletching
30:48 Padded Archer Armor
30:54 Scale Barding Armor
31:00 Forging
31:31 Elite Mangudai
31:36 Onager
32:50 Bodkin Arrow
33:10 Leather Archer Armor
33:57 Chemistry
33:08 Masonry
34:18 Ballistics
35:16 Elite Mangudai
36:17 Conscription
36:38 Bloodlines
36:28 Husbandry
37:25 Light Cavalry
38:26 Chain Barding Armor
38:07 Bracer
38:42 Iron Casting
39:21 Hussar
48:41 Caravan
49:11 Coinage
InaHolmes
2:29 Loom
14:46 Feudal Age
15:17 Double-Bit Axe
15:10 Man-at-Arms
15:36 Arson
22:02 Fletching
23:11 Horse Collar
27:42 Wheelbarrow
27:39 Stone Mining
30:06 Castle Age
28:26 Gold Mining
31:03 Bow Saw
33:37 Treadmill Crane
33:22 Eagle Warrior
37:01 Imperial Age
35:37 Heavy Plow
37:16 Squires
40:01 Scale Mail Armor
44:49 Chain Mail Armor
44:05 Elite Eagle Warrior
44:56 Town Watch
46:58 Hand Cart
48:32 Plate Mail Armor
49:26 Forging
49:43 Ballistics
49:15 Long Swordsman
49:40 Gambesons
50:54 Conscription
51:34 Iron Casting
BautiCrepeer
0:49 Loom
13:36 Feudal Age
17:50 Castle Age
21:46 Gold Mining
24:29 Imperial Age
22:17 Double-Bit Axe
24:32 Redemption
25:26 Wheelbarrow
25:05 Bow Saw
24:53 Stone Mining
26:35 Chemistry
33:46 Masonry
34:36 Wheelbarrow
36:12 Fletching
36:23 Padded Archer Armor
36:50 Hand Cart
37:09 Conscription
37:03 Fortified Wall
36:34 Crossbowman
38:13 Bodkin Arrow
38:39 Ballistics
38:51 Thumb Ring
39:02 Leather Archer Armor
38:48 Arbalester
40:18 Bracer
40:39 Town Watch
41:41 Ring Archer Armor
45:40 Siege Engineers
50:08 Town Patrol
50:34 Treadmill Crane
51:25 Architecture
Connection lost

Rejoining the realm…

Still unreachable

The connection could not be restored.

Session expired

The server has moved on; the page needs a fresh start.